 Dungeon Sprint DCSS version 0.30-a0-279-g4b46babb21 (webtiles) character file.

Game seed: 13579159596159225955

28 rocky1 the Poker (level 3, 0/29 (31) HPs)
             Began as a Minotaur Gladiator on Oct 16, 2022.
             Slain by Crazy Yiuf
             ... wielding a +4 quarterstaff of chaos
              (7 damage)
             ... in the Dungeon (Sprint III: "The Ten Rune Challenge").
             The game lasted 00:00:48 (55 turns).

rocky1 the Poker (Minotaur Gladiator)                 Turns: 55, Time: 00:00:50

HP:   0/29 (31)     AC:  3    Str: 20    XL:     3   Next: 0%
MP:   2/2           EV: 13    Int:  5    God:
Gold: 11            SH:  0    Dex: 11    Spells: 2/2 levels left

rFire   . . .      SeeInvis .    a - +0 trident
rCold   . . .      Faith    .    (no shield)
rNeg    . . .      Spirit   .    b - +0 leather armour
rPois   .          Reflect  .    c - +0 hat
rElec   .          Harm     .    (no cloak)
rCorr   .          Rampage  .    (no gloves)
Will    .....      NoTele   +    (no boots)
Stlth   +.........               (no amulet)
HPRegen 0.24/turn                (no ring)
MPRegen 0.08/turn                (no ring)

@: drained
A: horns 2, retaliatory headbutt
a: no special abilities


You were in the Dungeon.
You visited 1 branch You collected 11 gold pieces.

Inventory:

Hand Weapons
 a - a +0 trident (weapon)
Missiles
 d - 3 throwing nets (quivered)
 e - a javelin
Armour
 b - a +0 leather armour (worn)
 c - a +0 hat (worn)
Scrolls
 k - a scroll of blinking
Potions
 f - a potion of curing
 g - a potion of heal wounds
 h - a potion of haste
 i - 2 potions of magic
 j - a potion of berserk rage


   Skills:
 + Level 3.2 Fighting
 + Level 6.0 Polearms
 + Level 2.7 Throwing
 + Level 5.0 Dodging
 + Level 0.2 Stealth


You had 2 spell levels left.
You didn't know any spells.
Your spell library contained the following spells:

 Spells                   Type           Power      Damage    Failure   Level
 Necrotise                Necr           0%         1d4       54%         1
 Vampiric Draining        Necr           0%         2d6       88%         3
 Agony                    Necr           0%         N/A       100%        5


Dungeon Overview and Level Annotations

Branches:
Dungeon (1/1)

Altars:

Annotations:
D Crazy Yiuf


Innate Abilities, Weirdness & Mutations

You have a pair of horns on your head.
You reflexively headbutt those who attack you in melee.


Message History

Your Polearms skill gained 2 levels and is now at level 6!
Your Dodging skill increases to level 4!
You have reached level 2!
You pick up a book of Necromancy and begin reading...
You add the spells Necrotise, Vampiric Draining and Agony to your library.
Okay, then.
Things that are here:
a +0 club; a +0 robe A rat comes into view.
You hit the rat but do no damage. You headbutt the rat.
You kill the rat!
Your Dodging skill increases to level 5!
You have reached level 3!
Your experience leads to an increase in your attributes!
Increase (S)trength, (I)ntelligence, or (D)exterity?
You feel stronger. x2
Unknown command.
You see here a rat corpse.
A human comes into view.
The human shouts!
Crazy Yiuf the Enlightened comes into view.
He is wielding a +4 quarterstaff of chaos.
Crazy Yiuf shouts!
You reach to attack!
You barely miss Crazy Yiuf. You hit Crazy Yiuf but do no damage.
Crazy Yiuf hits you with a +4 quarterstaff of chaos!
You feel drained.
You hit Crazy Yiuf.
Crazy Yiuf is lightly wounded.
Crazy Yiuf barely misses you. You furiously retaliate!
You headbutt Crazy Yiuf.
Unknown command.
You closely miss Crazy Yiuf.
Crazy Yiuf is moderately wounded.
Crazy Yiuf closely misses you.
You puncture Crazy Yiuf!
You headbutt Crazy Yiuf, but do no damage.
Crazy Yiuf is severely wounded.
Crazy Yiuf hits you with a +4 quarterstaff of chaos!
* * * LOW HITPOINT WARNING * * *
Crazy Yiuf burns you!
You die...

▓<..#...####
▓...#......##
▓..##...)...# .#
▓##.##.##...# .#
##.##.###..# ..#
▓#.####.##..# ...+
▓.###..##.†##
#...# ▓#.....##..#
#....#
###..##..@##p....#
##..##...g#......#
#..###..##.#.....#
#..# #.. ####....#
▓▓▓▓ ▓▓▓ ▓▓▓▓▓


You could see Crazy Yiuf.

Vanquished Creatures
  Jessica (D)
  An endoplasm (D)
  2 rats (D)
4 creatures vanquished.

Notes
Turn   | Place    | Note
-------+----------+-------------------------------------------
     0 | D        | rocky1 the Minotaur Gladiator began the quest for the Orb.
     0 | D        | Reached XP level 1. HP: 18/18 MP: 0/0
     9 | D        | Reached skill level 4 in Polearms
    25 | D        | Noticed Jessica
    28 | D        | Killed Jessica
    29 | D        | Reached skill level 6 in Polearms
    29 | D        | Reached XP level 2. HP: 26/26 MP: 1/1
    42 | D        | Reached skill level 5 in Dodging
    42 | D        | Reached XP level 3. HP: 31/31 MP: 2/2
    47 | D        | Noticed Crazy Yiuf
    55 | D        | Slain by Crazy Yiuf

Illustrated notes

Levels and vault maps discovered:
D:        dungeon_sprint_mu [sprint_mu_entry_cave, sprint_mu_temple_rooms,
          sprint_mu_d1_spiders, sprint_mu_d2_genie, sprint_mu_d3_branching,
          sprint_mu_orc_legion, sprint_mu_elf_gauntlet, sprint_mu_hive_nellie,
          sprint_mu_lair_fedhas, sprint_mu_vaults_butterflies,
          sprint_mu_slime_circle, sprint_mu_swamp_cave, sprint_mu_shoals_kraken,
          sprint_mu_blade_basic, sprint_mu_crypt_fortress,
          sprint_mu_tomb_spiral, sprint_mu_vestibule_basic,
          sprint_mu_gehenna_hellfire, sprint_mu_dis_giant,
          sprint_mu_tartarus_statrot, sprint_mu_cocytus_islands, sprint_mu_zot1]

Skill      XL: |  1  2 |
---------------+-------+-----
Polearms       | 6 |  6.0
Fighting       | 3 |  3.2
Dodging        | 4 5 |  5.0
Throwing       | |  2.7
Stealth        | |  0.2

Action                   || total
-------------------------++-------
Melee: Trident           ||    10
       Headbutt          ||     2
 Stab: Sleeping          ||     1
Dodge: Dodged            ||     2

Table legend: (Time is in decaauts)
 A = Elapsed time spent in this place.
 B = Non-inter-level travel time spent in this place.
 C = Inter-level travel time spent in this place.
 D = Time resting spent in this place.
 E = Time spent auto-exploring this place.
 F = Levels seen in this place.
 G = Mean time per level.
                   A        B        C        D        E       F      G
               +--------+--------+--------+--------+--------+-----+--------+
         Total |     55 |     55 |      0 |      0 |     27 |   1 |   55.0 |
       Dungeon |     55 |     55 |      0 |      0 |     27 |   1 |   55.0 |
               +--------+--------+--------+--------+--------+-----+--------+

Top non-repeatable levels by time:
       D: 55 daAuts
